AoeStats
← LE | Asav

Hideout

508593608Analyzed
1v1 RM · 8d ago on Sep 23, 2026· 42m 20s· 2 players
Game mode
Random Map
Map size
Tiny (2 player)
Population
200
Speed
Normal
Resources
Standard
Victory
Conquest
Starting age
Dark Age
Ending age
Imperial Age
RankedLock teamsTeams togetherTeam positionsShared explorationLock speedFull tech treeHidden civsTurbo modeCheats
Victory
Defeat
🇵🇪 Poles · Peru
1900
+7
🇦🇷 Danes · Argentina
1679
-7
LE | Asav
6:14 Loom
8:44 Feudal Age
9:29 Double-Bit Axe
11:30 Fletching
13:05 Horse Collar
17:34 Wheelbarrow
20:51 Castle Age
19:58 Stone Mining
22:05 Heavy Plow
22:19 Bow Saw
27:35 Hand Cart
28:06 Heavy Plow
28:39 Bodkin Arrow
30:39 Stone Shaft Mining
29:56 Gold Mining
33:23 Imperial Age
30:46 Town Watch
31:05 Padded Archer Armor
31:51 Ballistics
32:04 Crossbowman
32:50 Thumb Ring
34:06 Bracer
35:08 Chemistry
34:51 Crop Rotation
35:35 Conscription
35:47 Masonry
35:00 Arbalester
35:57 Leather Archer Armor
38:15 Stone Shaft Mining
38:30 Fortified Wall
38:26 Siege Engineers
38:12 Light Cavalry
39:04 Bloodlines
38:55 Husbandry
39:40 Lechitic Legacy
39:46 Winged Hussar
Jhoonas
10:06 Feudal Age
9:23 Loom
10:55 Double-Bit Axe
12:04 Fletching
16:21 Stone Mining
18:10 Wheelbarrow
20:35 Castle Age
18:33 Horse Collar
19:49 Gold Mining
23:13 Bodkin Arrow
24:37 Scale Mail Armor
24:27 Town Watch
25:05 Bow Saw
25:01 Squires
27:20 Forging
27:00 Arson
28:58 Heavy Plow
29:45 Chain Mail Armor
31:02 Devotion
30:49 Gambesons
35:50 Elite Skirmisher
36:27 Bodkin Arrow
37:25 Hand Cart
39:41 Imperial Age
37:16 Padded Archer Armor
38:33 Leather Archer Armor
39:45 Ballistics
42:08 Imperial Age
40:24 Gold Shaft Mining
41:33 Thumb Ring
42:05 Iron Casting
Connection lost

Rejoining the realm…

Still unreachable

The connection could not be restored.

Session expired

The server has moved on; the page needs a fresh start.